 Dungeon Crawl Stone Soup version 0.29-a0-330-g52719c12eb (webtiles) character file.

Game seed: 17565364210502820934

30 kae the Firebug (level 3, -2/22 HPs)
             Began as an Octopode Fire Elementalist on Apr 18, 2022.
             Slain by Jessica
             ... wielding a +0 club
              (5 damage)
             ... on level 3 of the Dungeon.
             The game lasted 00:01:14 (2076 turns).

kae the Firebug (Octopode Fire Elementalist)        Turns: 2076, Time: 00:01:14

Health: -2/22      AC:  1    Str:  7    XL:     3   Next: 18%
Magic:  2/6        EV: 13    Int: 19    God:
Gold:   131        SH:  0    Dex: 12    Spells: 5/6 levels left

rFire   . . .      SeeInvis .   m - +1 short sword (flame)
rCold   . . .      Faith    .   (no shield)
rNeg    . . .      Spirit   .   (helmet restricted)
rPois   .          Reflect  .   (no amulet)
rElec   .          Harm     .   d - ring of willpower
rCorr   .          Rampage  .   (no ring)
Will    +....                   (no ring)
Stlth   +++.......              (no ring)
HPRegen 0.07/turn               (no ring)
MPRegen 0.10/turn               (no ring)
                                (no ring)
                                (no ring)

@: no status effects
A: almost no armour, amphibious, 8 rings, camouflage 1, gelatinous body 1,
(nimble swimmer 1), tentacles
a: no special abilities


You were on level 3 of the Dungeon.
You visited 1 branch of the dungeon, and saw 3 of its levels.

You collected 131 gold pieces.

Inventory:

Hand Weapons
 m - a +1 short sword of flaming (weapon)
Jewellery
 d - a ring of willpower (left tentacle)
Scrolls
 b - 2 scrolls of teleportation
 e - a scroll of vulnerability
 i - a scroll of brand weapon
 l - a scroll of amnesia
Potions
 a - a potion of magic
 f - a potion of curing
 g - a potion of flight
 h - a potion of heal wounds {unknown}
 k - 2 potions of resistance {unknown}


   Skills:
 + Level 0.6 Fighting
 + Level 2.2 Dodging
 + Level 3.1 Stealth
 + Level 2.2 Spellcasting
 + Level 1.3 Conjurations
 * Level 3.4 Fire Magic


You had 5 spell levels left.
You knew the following spells:

 Your Spells              Type           Power      Damage    Failure   Level
a - Foxfire               Conj/Fire      44%        2x1d6     6%          1

Your spell library contained the following spells:

 Spells                   Type           Power      Damage    Failure   Level
 Scorch                   Fire           30%        2d6       6%          2
 Conjure Flame            Conj/Fire      11%        6-21      19%         3
 Inner Flame              Hex/Fire       8%         N/A       24%         3
 Confusing Touch          Hex            2%         N/A       45%         3
 Flame Wave               Conj/Fire      11%        2d5       52%         4
 Yara's Violent Unravell  Hex/Tmut       1%         3d3       99%         5
 Enfeeble                 Hex            1%         N/A       100%        7


Dungeon Overview and Level Annotations

Branches:
Dungeon (3/15)

Altars:
Uskayaw

Annotations:
D:2 Sigmund
D:3 Jessica


Innate Abilities, Weirdness & Mutations

You cannot wear most types of armour.
You are amphibious.
You can wear up to eight rings at the same time.
Your skin changes colour to match your surroundings (Stealth+).
Your rubbery body absorbs attacks. (AC +1, EV +1)
((You are camouflaged when in or above water. (Stealth+)))
You have tentacles for arms and can constrict up to eight enemies at once.


Message History

There is a stone staircase leading down here.
You can't go up here!
You climb downwards.
Jessica shouts!
There is a stone staircase leading up here.
Casting: Foxfire (safe; 6% risk of failure)
Confirm with . or Enter, or press ? or * to list all spells.
You conjure some foxfire!
The foxfire hits Jessica.
Jessica resists.
Jessica is lightly wounded.
The foxfire hits Jessica.
Jessica resists.
Jessica is moderately wounded.
Jessica hits you with a +0 club!
Casting: Foxfire (safe; 6% risk of failure)
Confirm with . or Enter, or press ? or * to list all spells.
You don't know that spell.
Casting: Foxfire (safe; 6% risk of failure)
Confirm with . or Enter, or press ? or * to list all spells.
You don't know that spell.
Casting: Foxfire (safe; 6% risk of failure)
Confirm with . or Enter, or press ? or * to list all spells.
You conjure some foxfire!
Jessica hits you with a +0 club.
The foxfire hits Jessica but does no damage.
Jessica is moderately wounded.
The foxfire hits Jessica but does no damage.
Jessica is moderately wounded.
Jessica closely misses you.
Casting: Foxfire (safe; 6% risk of failure)
Confirm with . or Enter, or press ? or * to list all spells.
You conjure some foxfire!
Jessica barely misses you.
The foxfire hits Jessica.
Jessica resists.
Jessica is heavily wounded.
The foxfire hits Jessica.
Jessica resists.
Jessica is severely wounded.
Jessica hits you with a +0 club!
* * * LOW HITPOINT WARNING * * *
Casting: Foxfire (safe; 6% risk of failure)
Confirm with . or Enter, or press ? or * to list all spells.
You conjure some foxfire!
Jessica hits you with a +0 club.
You die...

#.....#
#.....
#....#
#....#
#....#
#....#
#.§v.+
#.@v.#
#.@..#
#....#
#....#
.....#
#####.#
.# .#


You could see Jessica (ally target).

Vanquished Creatures
  An adder (D:2)
  A ball python (D:2)
  2 endoplasms
  2 giant cockroaches
  3 hobgoblins (D:1)
  4 bats
  A goblin (D:2)
  4 kobolds
  A rat (D:1)
19 creatures vanquished.

Vanquished Creatures (others)
  52 foxfires
52 creatures vanquished.

Grand Total: 71 creatures vanquished

Notes
Turn   | Place    | Note
-------+----------+-------------------------------------------
     0 | D:1      | kae the Octopode Fire Elementalist began the quest for the
                  | Orb.
     0 | D:1      | Reached XP level 1. HP: 11/11 MP: 3/3
   303 | D:1      | Reached XP level 2. HP: 17/17 MP: 3/5
  1390 | D:2      | Found a hide-covered altar of Uskayaw.
  1400 | D:2      | Noticed Sigmund
  1705 | D:2      | Reached XP level 3. HP: 12/22 MP: 4/6
  2069 | D:3      | Noticed Jessica
  2076 | D:3      | Slain by Jessica

Illustrated notes

Levels and vault maps discovered:
D:1:      evilmike_arrival_plus, layout_basic, chequers_serial_rivers_small_b
D:2:      layout_loops_ring, basic_altar, serial_bayou_pond_e,
          kennysheep_generic_room_12, uniq_sigmund
D:3:      minmay_spotlight, layout_basic, trog_wizard, uniq_jessica

Skill      XL: |  1  2 |
---------------+-------+-----
Stealth        | 3 |  3.1
Fighting       | |  0.6
Dodging        | |  2.2
Spellcasting   | |  2.2
Conjurations   | |  1.3
Fire Magic     | |  3.4

Action                   || total
-------------------------++-------
Melee: Unarmed           ||    29
       Constrict         ||     9
       Tentacles         ||     5
       Short sword       ||     4
 Cast: Foxfire           ||    34
  Use: Scroll            ||     8
 Stab: Sleeping          ||     2
Armor: Skin              ||     2
Dodge: Dodged            ||    34

Table legend: (Time is in decaauts)
 A = Elapsed time spent in this place.
 B = Non-inter-level travel time spent in this place.
 C = Inter-level travel time spent in this place.
 D = Time resting spent in this place.
 E = Time spent auto-exploring this place.
 F = Levels seen in this place.
 G = Mean time per level.
                   A        B        C        D        E       F      G
               +--------+--------+--------+--------+--------+-----+--------+
         Total |   2076 |   2045 |     31 |     30 |   1796 |   3 |  692.0 |
       Dungeon |   2076 |   2045 |     31 |     30 |   1796 |   3 |  692.0 |
               +--------+--------+--------+--------+--------+-----+--------+

Top non-repeatable levels by time:
     D:1: 1057 daAuts
     D:2: 939 daAuts
     D:3: 80 daAuts
